 Dungeon Crawl Stone Soup version 0.30-a0-808-g6e0788376e (webtiles) character file.

Game seed: 9512115771282943385

2366 Farfigtubin the Magician (level 9, -3/63 (71) HPs)
             Began as a Gnoll Warper on Feb 25, 2023.
             Was an Initiate of Gozag.
             Slain by a wight
             ... wielding a +5 trident of freezing
              (14 damage)
             ... on level 7 of the Dungeon on Feb 26, 2023.
             The game lasted 00:49:31 (8712 turns).

Farfigtubin the Magician (Gnoll Warper)             Turns: 8712, Time: 00:49:31

HP:   -3/63 (71)    AC: 10    Str: 16    XL:     9   Next: 44%
MP:   19/19         EV: 13    Int: 12    God:    Gozag
Gold: 982           SH:  0    Dex: 11    Spells: 16/21 levels left

rFire   . . .      SeeInvis .    b - +2 spear (venom)
rCold   . . .      Faith    .    (no shield)
rNeg    . . .      Spirit   .    i - +2 leather armour {rPois}
rPois   +          Reflect  .    s - +0 helmet
rElec   .          Harm     .    v - +1 cloak
rCorr   .          Rampage  .    (no gloves)
Will    .....                    G - +0 pair of boots
Stlth   ++                       (no amulet)
HPRegen 0.30/turn                (no ring)
MPRegen 0.16/turn                (no ring)

@: heavily drained
A: fangs 1, strong nose, distributed training
a: Renounce Religion, Potion Petition, Call Merchant, Bribe Branch


You were on level 7 of the Dungeon.
You worshipped Gozag.
Gozag was pleased with you.
You visited 2 branches of the dungeon, and saw 9 of its levels.

You collected 1017 gold pieces.
You paid 35 gold pieces to Gozag.

Inventory:

Hand Weapons
 a - a +0 morningstar
 b - a +2 spear of venom (weapon)
 M - the +2 arbalest of Megalomania {freeze, rF+ Int+3}
   (You found it on level 7 of the Dungeon)

   Int:       It affects your intelligence (+3).
   rF:        It protects you from fire.
Missiles
 d - 4 boomerangs of dispersal
 g - 97 stones (quivered)
 r - a boomerang
 x - 2 throwing nets
 z - 30 poisoned darts
 F - 4 javelins
Armour
 i - a +2 leather armour of poison resistance (worn)
 s - a +0 helmet (worn)
 v - a +1 cloak (worn)
 G - a +0 pair of boots (worn)
Jewellery
 D - a ring of protection from fire
 H - a +6 ring of dexterity
 J - an amulet of reflection
Wands
 y - a wand of acid (5)
 C - a wand of iceblast (4)
 I - a wand of flame (3)
Scrolls
 c - a scroll of blinking
 e - a scroll of magic mapping {unknown}
 f - 8 scrolls of identify {@r1}
 h - 3 scrolls of enchant weapon {unknown}
 j - 5 scrolls of poison
 p - a scroll of fear {unknown}
 q - 2 scrolls of noise {unknown}
 t - a scroll of immolation {unknown}
 u - 3 scrolls of amnesia {unknown}
 E - a scroll of enchant armour {unknown}
 L - a scroll of teleportation {unknown}
 O - a scroll of vulnerability {unknown}
Potions
 k - 2 potions of curing {unknown}
 l - 4 potions of mutation
 m - 5 potions of heal wounds
 n - a potion of degeneration {unknown}
 o - a potion of haste {unknown}
 w - a potion of flight {unknown}
 A - 4 potions of might {unknown}
 B - a potion of lignification {unknown}
 K - a potion of attraction {unknown}
 N - a potion of brilliance {unknown}
 P - a potion of ambrosia {unknown}


   Skills:
 + Level 6.4 Fighting
 + Level 4.4 Short Blades
 + Level 4.4 Long Blades
 + Level 4.4 Axes
 + Level 6.4 Maces & Flails
 + Level 4.4 Polearms
 + Level 4.4 Staves
 + Level 4.4 Ranged Weapons
 + Level 5.2 Throwing
 + Level 5.2 Armour
 + Level 6.4 Dodging
 + Level 4.4 Stealth
 + Level 4.4 Shields
 + Level 4.4 Unarmed Combat
 + Level 6.7 Spellcasting
 + Level 3.6 Conjurations
 + Level 3.6 Hexes
 + Level 3.6 Summonings
 + Level 3.6 Necromancy
 + Level 6.6 Translocations
 + Level 3.6 Transmutations
 + Level 3.6 Fire Magic
 + Level 3.6 Ice Magic
 + Level 3.6 Air Magic
 + Level 3.6 Earth Magic
 + Level 3.6 Poison Magic
 + Level 4.9 Invocations
 + Level 4.4 Evocations


You had 16 spell levels left.
You knew the following spells:

 Your Spells              Type           Power      Damage    Failure   Level
a - Blink                 Tloc           40%        N/A       1%          2
b - Vhi's Electric Charg  Tloc/Air       32%        N/A       7%          3

Your spell library contained the following spells:

 Spells                   Type           Power      Damage    Failure   Level
 Lesser Beckoning         Tloc           40%        N/A       1%          2
 Gell's Gravitas          Tloc           20%        N/A       3%          3
 Teleport Other           Tloc           20%        N/A       3%          3
 Manifold Assault         Tloc           20%        N/A       13%         4
 Petrify                  Tmut/Erth      12%        N/A       41%         4
 Metabolic Englaciation   Hex/Ice        6%         N/A       77%         5
 Statue Form              Tmut/Erth      8%         N/A       100%        6


Dungeon Overview and Level Annotations

Branches:
Dungeon (8/15)             Temple (1/1) D:7
   Lair: D:8-11

Altars:
Ashenzari
Cheibriados
Dithmenos
Elyvilon
Fedhas
Gozag
Hepliaklqana
Kikubaaqudgha
Nemelex Xobeh
Okawaru
Qazlal
Ru
Sif Muna
Trog
Uskayaw
Vehumet
Wu Jian
Xom
Yredelemnul
Zin
The Shining One

Annotations:
D:2 Natasha, Sigmund
D:3 exclusion: upstairs


Innate Abilities, Weirdness & Mutations

You have very sharp teeth.
Your uncanny sense of smell can sniff out nearby items.
Your experience applies equally to all skills.


Message History

m - 5 potions of heal wounds (gained 1)
A wight comes into view.
It is wielding a +5 trident of freezing. 2 wights come into view.
A wight is wielding a +5 spear of freezing.
Throw: 97 stones
Press: ? - help, Q - select action, (/) - cycle Shift-Dir - straight line, f - wight
Aim: a wight, wielding a +0 mace and wearing a +0 robe (62% to hit)
Okay, then.
You closely miss the wight. The wight hits you but does no damage.
You hit the wight but do no damage. You bite the wight, but do no damage.
The wight hits you with a +0 mace.
You feel drained.
The wight hits you from afar with a +5 trident of freezing!
The wight freezes you.
You barely miss the wight. Your bite misses the wight.
The wight closely misses you. The wight barely misses you.
You closely miss the wight. The wight misses you.
The wight hits you from afar with a +5 trident of freezing!
The wight freezes you.
You closely miss the wight. The wight hits you with a +0 mace.
The wight hits you from afar with a +5 trident of freezing!
You feel drained. The wight freezes you.
You hit the wight.
The wight is lightly damaged.
The wight hits you with a +0 mace.
You feel drained. The wight closely misses you.
You hit the wight. Your bite misses the wight.
The wight is moderately damaged.
The wight hits you with a +0 mace.
* * * LOW HITPOINT WARNING * * *
You feel drained.
* * * LOW HITPOINT WARNING * * *
The wight barely misses you. The wight attacks as you move away!
The wight completely misses you. The wight attacks as you move away!
The wight hits you with a +0 mace.
* * * LOW HITPOINT WARNING * * *
You feel drained. The wight hits you but does no damage.
The wight hits you with a +5 trident of freezing!
You die...
Your body crumbles into a pile of gold.

...## #..#
##...........)
..## #.##
#............
..#### ##.#
###
##...........
#....#####.##
##.##
#...........
####.....#.#
##...#
##..........
####....#
#....##
##........#
####.#
##.....##
#........# #.#
#.......#
##......##
#.###..@z...##
##.....#
##.##...z....#
##...##
#.###.......#
#####
#..##.......#
#...##.....##
#..#...#...##
#.
#..##...####
##...
#..#####..###
#...... #..
##...##
##.......


You could see 2 wights.

Vanquished Creatures
  Eustachio (D:6)
  Edmund (D:6)
  A water moccasin (D:5)
  An orc warrior (D:7)
  3 sky beasts
  An ice beast (D:6)
  A centaur (D:8)
  2 ogres
  2 kobold brigands
  A bullfrog (D:6)
  2 necrophages
  A scorpion (D:5)
  2 gnoll boudas
  2 hounds (D:4)
  A jelly (D:5)
  An orc priest (D:8)
  Terence (D:2)
  Jessica (D:1)
  3 iguanas
  3 orc wizards
  Ijyb (D:4)
  Robin (D:3)
  22 gnolls
  11 adders
  2 worms
  3 dart slugs
  33 orcs
  7 ball pythons
  6 endoplasms
  5 giant cockroaches
  22 goblins
  17 hobgoblins
  9 jackals
  19 kobolds
  4 quokkas
  3 bats (D:1)
  4 frilled lizards
  2 rats
202 creatures vanquished.

Vanquished Creatures (others)
  An orc (D:7)
  A bat (D:2)
2 creatures vanquished.

Grand Total: 204 creatures vanquished

Notes
Turn   | Place    | Note
-------+----------+-------------------------------------------
     0 | D:1      | Farfigtubin the Gnoll Warper began the quest for the Orb.
     0 | D:1      | Reached XP level 1. HP: 20/20 MP: 6/6
   210 | D:1      | Reached XP level 2. HP: 26/26 MP: 7/7
   410 | D:1      | Learned a level 2 spell: Blink
   814 | D:2      | Noticed Terence
   892 | D:2      | Reached skill level 5 in Spellcasting
   892 | D:2      | Reached XP level 3. HP: 29/31 MP: 7/9
  1047 | D:2      | Reached skill level 1 in Invocations
  1103 | D:2      | Reached skill level 1 in Short Blades
  1103 | D:2      | Reached skill level 1 in Long Blades
  1103 | D:2      | Reached skill level 1 in Axes
  1103 | D:2      | Reached skill level 1 in Polearms
  1103 | D:2      | Reached skill level 1 in Staves
  1103 | D:2      | Reached skill level 1 in Ranged Weapons
  1103 | D:2      | Reached skill level 1 in Stealth
  1103 | D:2      | Reached skill level 1 in Shields
  1103 | D:2      | Reached skill level 1 in Unarmed Combat
  1103 | D:2      | Reached skill level 1 in Evocations
  1125 | D:2      | Killed Terence
  1126 | D:2      | Reached XP level 4. HP: 8/38 MP: 11/11
  1248 | D:2      | Reached skill level 1 in Conjurations
  1248 | D:2      | Reached skill level 1 in Hexes
  1248 | D:2      | Reached skill level 1 in Summonings
  1248 | D:2      | Reached skill level 1 in Necromancy
  1248 | D:2      | Reached skill level 1 in Transmutations
  1248 | D:2      | Reached skill level 1 in Fire Magic
  1248 | D:2      | Reached skill level 1 in Ice Magic
  1248 | D:2      | Reached skill level 1 in Air Magic
  1248 | D:2      | Reached skill level 1 in Earth Magic
  1248 | D:2      | Reached skill level 1 in Poison Magic
  1378 | D:2      | Noticed Jessica
  1386 | D:2      | Noticed Natasha
  1392 | D:2      | Noticed Sigmund
  1513 | D:1      | Killed Jessica
  1602 | D:3      | Reached XP level 5. HP: 39/43 MP: 12/12
  1620 | D:3      | Noticed Robin
  1691 | D:3      | Killed Robin
  2487 | D:3      | Found an opulent altar of Gozag.
  2500 | D:3      | Became a worshipper of Gozag Ym Sagoz the Greedy
  2629 | D:3      | Reached XP level 6. HP: 50/50 MP: 13/13
  2833 | D:4      | Reached skill level 5 in Fighting
  2833 | D:4      | Reached skill level 5 in Maces & Flails
  2833 | D:4      | Reached skill level 5 in Dodging
  3477 | D:3      | HP: 2/51 [gnoll bouda/+0 whip (5)]
  3479 | D:3      | Reached XP level 7. HP: 3/56 MP: 15/15
  4402 | D:4      | Noticed Ijyb
  4418 | D:4      | Learned a level 3 spell: Vhi's Electric Charge
  4483 | D:4      | Killed Ijyb
  4752 | D:4      | Found a radiant altar of Vehumet.
  4801 | D:4      | Found a hazy altar of Hepliaklqana.
  5189 | D:5      | Entered Level 5 of the Dungeon
  5553 | D:5      | Reached XP level 8. HP: 63/63 MP: 16/16
  6379 | D:6      | Noticed Eustachio
  6609 | D:6      | Killed Eustachio
  6701 | D:6      | Found an ancient bone altar of Kikubaaqudgha.
  6874 | D:6      | Found a sacrificial altar of Ru.
  6874 | D:6      | Found a shimmering altar of Xom.
  7010 | D:6      | Noticed Edmund
  7017 | D:6      | Killed Edmund
  7018 | D:6      | Reached XP level 9. HP: 55/69 MP: 18/18
  7493 | D:7      | Found a staircase to the Ecumenical Temple.
  7524 | Temple   | Entered the Ecumenical Temple
  7541 | D:7      | Reached skill level 5 in Throwing
  7541 | D:7      | Reached skill level 5 in Armour
  7671 | D:7      | Identified the +2 arbalest of Megalomania {freeze, rF+
                  | Int+3}
  7747 | D:7      | HP: 1/69 [orc warrior/+0 war axe (12)]
  8258 | D:8      | Noticed a death knight
  8712 | D:7      | Slain by a wight

Illustrated notes

Levels and vault maps discovered:
D:1:      amcnicky_arrival_choice, layout_loops_cross,
          nicolae_figureground_pulse
D:2:      layout_basic, chequers_jeans, uniq_terence, uniq_natasha,
          uniq_sigmund, uniq_jessica
D:3:      layout_basic, overflow_temple_1_default, minmay_pentangle, uniq_robin
D:4:      corexii_shantytown, layout_cave_pools, mainiacjoe_overflow_paths,
          mainiacjoe_overflow_boulevard, uniq_ijyb
D:5:      layout_basic, kennysheep_another_room, grunt_tough_drop
D:6:      layout_loops_ring, mainiacjoe_overflow_small_starburst,
          gammafunk_temple_overflow_elements, kennysheep_crisscross,
          uniq_eustachio, uniq_edmund
D:7:      layout_cave_pods, minmay_temple_entry_mist, nicolae_shop_clearance,
          uniq_crazy_yiuf_cottage
D:8:      layout_basic, corexii_checkpoint_a, minmay_microvault
Temple:   nicolae_temple_no_exploring_needed

Skill      XL: |  1  2  3  4  5  6  7  8  9 |
---------------+----------------------------+-----
Spellcasting   | 5 6 |  6.7
Invocations    | 1 2 3 4 |  4.9
Short Blades   | 1 2 3 4 |  4.4
Long Blades    | 1 2 3 4 |  4.4
Axes           | 1 2 3 4 |  4.4
Polearms       | 1 2 3 4 |  4.4
Staves         | 1 2 3 4 |  4.4
Ranged Weapons | 1 2 3 4 |  4.4
Stealth        | 1 2 3 4 |  4.4
Shields        | 1 2 3 4 |  4.4
Unarmed Combat | 1 2 3 4 |  4.4
Evocations     | 1 2 3 4 |  4.4
Conjurations   | 1 2 3 |  3.6
Hexes          | 1 2 3 |  3.6
Summonings     | 1 2 3 |  3.6
Necromancy     | 1 2 3 |  3.6
Transmutations | 1 2 3 |  3.6
Fire Magic     | 1 2 3 |  3.6
Ice Magic      | 1 2 3 |  3.6
Air Magic      | 1 2 3 |  3.6
Earth Magic    | 1 2 3 |  3.6
Poison Magic   | 1 2 3 |  3.6
Throwing       | 3 4 5 |  5.2
Armour         | 3 4 5 |  5.2
Fighting       | 5 6 |  6.4
Maces & Flails | 5 6 |  6.4
Dodging        | 5 6 |  6.4
Translocations | 6 |  6.6

Action                     |  1- 3 |  4- 6 |  7- 9 || total
---------------------------+-------+-------+-------++-------
  Melee: Mace              |   119 |   359 |   325 ||   803
         Bite              |     5 |    39 |    61 ||   105
         Punch             |       |     9 |     7 ||    16
         Morningstar       |       |       |   177 ||   177
         Spear             |       |       |    45 ||    45
  Throw: Stone             |     3 |     2 |    24 ||    29
         Boomerang         |     3 |       |       ||     3
         Dart              |       |       |     3 ||     3
   Cast: Blink             |       |     1 |       ||     1
         Vhi's Electric Ch |       |       |     1 ||     1
  Evoke: Wand              |       |       |     3 ||     3
    Use: Scroll            |       |       |     3 ||     3
         Potion            |       |       |     2 ||     2
   Stab: Sleeping          |       |     6 |     5 ||    11
 Armour: Leather armour    |    41 |   123 |   265 ||   429
  Dodge: Dodged            |    70 |   278 |   415 ||   763

Table legend: (Time is in decaauts)
 A = Elapsed time spent in this place.
 B = Non-inter-level travel time spent in this place.
 C = Inter-level travel time spent in this place.
 D = Time resting spent in this place.
 E = Time spent auto-exploring this place.
 F = Levels seen in this place.
 G = Mean time per level.
                   A        B        C        D        E       F      G
               +--------+--------+--------+--------+--------+-----+--------+
         Total |   8876 |   8486 |    390 |   2555 |   1794 |   9 |  986.2 |
       Dungeon |   8874 |   8484 |    390 |   2555 |   1794 |   8 | 1109.2 |
        Temple |      1 |      1 |      0 |      0 |      0 |   1 |    1.0 |
               +--------+--------+--------+--------+--------+-----+--------+

Top non-repeatable levels by time:
     D:3: 1945 daAuts
     D:4: 1838 daAuts
     D:6: 1375 daAuts
     D:1: 977 daAuts
     D:5: 865 daAuts
     D:7: 860 daAuts
     D:2: 561 daAuts
     D:8: 449 daAuts
  Temple: 1 daAuts
